Map: Lock & Load

Players

NamroodTuo

  • Race: Terran Terran
  • Spawn Location: 7:00

Sage

  • Race: Zerg Zerg
  • Spawn Location: 6:00

VOD

Have the link to the VOD?

Description

Time

  • Played on: Feb. 3, 2023, 9:30 a.m.
  • Length: 28:31
Show
View Real Time Build Order
Export as new Build Order

NamroodTuo Terran 

Build Orders:  

Get SALT Encoding   

  12  0:03  SCV  
  13  0:16  SCV  
  14  0:30  SCV  
  14  0:38  Supply Depot  
  15  0:53  SCV  
  16  1:07  SCV  
  17  1:20  SCV  
  17  1:26  Factory  
  18  1:34  SCV  
  18  1:37  Supply Depot  
  19  1:47  SCV  
  20  1:58  Perdition Turret  
  20  2:01  SCV  
  21  2:15  SCV  
  22  2:22  Refinery  
  22  2:25  Refinery  
  22  2:28  SCV  
  23  2:33  Perdition Turret  
  23  2:42  SCV  
  24  3:07  SCV  
  25  3:20  SCV  
  26  3:47  SCV  
  27  3:54  Armory  
  27  4:07  Devastation Turret  
  27  4:20  Devastation Turret  
  27  4:21  Perdition Turret, Devastation Turret  
  27  4:45  Devastation Turret  
  27  6:03  Devastation Turret  
  27  6:18  Perdition Turret  
  27  6:29  Engineering Bay, Perdition Turret  
  27  6:38  Factory Tech Reactor  
  27  6:42  Upgrade Laser Drill Level 1  
  27  6:55  Command Center  
  27  6:59  Supply Depot  
  27  7:00  Supply Depot  
  27  7:10  Spinning Dizzy  
  27  7:21  Perdition Turret  
  27  7:33  Supply Depot  
  27  7:35  Devastation Turret  
  27  7:36  Supply Depot  
  27  7:50  Advanced Optics  
  27  7:56  Fire-Suppression Systems  
  27  8:00  SCV  
  28  8:13  SCV  
  29  8:27  SCV  
  30  8:40  SCV  
  30  8:41  SCV  
  30  8:49  Refinery  
  32  8:53  SCV  
  32  8:54  SCV  
  34  9:02  Spinning Dizzy  
  34  9:07  SCV  
  34  9:08  SCV  
  36  9:15  Perdition Turret  
  36  9:21  SCV  
  37  9:31  Devastation Turret  
  37  9:43  KMC Auto-Loaders  
  37  9:50  Regenerative Bio-Steel  
  37  9:53  SCV  
  38  10:06  SCV  
  39  10:14  Refinery  
  39  10:16  SCV  
  40  10:20  SCV  
  41  10:30  SCV  
  41  10:33  SCV  
  41  10:37  Spinning Dizzy  
  43  10:43  SCV, Perdition Turret  
  43  10:45  Devastation Turret  
  43  10:47  SCV  
  45  10:54  Perdition Turret  
  45  10:57  SCV  
  46  11:09  Devastation Turret  
  46  11:10  SCV  
  47  11:24  SCV  
  48  11:35  Spinning Dizzy  
  48  11:37  Spinning Dizzy  
  48  11:38  SCV  
  49  11:40  Perdition Turret  
  49  11:51  SCV  
  49  11:56  Perdition Turret  
  49  11:57  Devastation Turret  
  50  12:05  SCV  
  50  12:06  Structure Armor  
  50  12:09  Terran Vehicle And Ship Armor Level 1  
  51  12:18  SCV, Upgrade Laser Drill Level 2  
  52  12:23  Spinning Dizzy  
  52  12:26  Devastation Turret  
  52  12:28  Supply Depot  
  52  12:32  SCV  
  53  12:45  SCV  
  54  12:59  SCV  
  55  13:01  Supply Depot  
  55  13:06  Hi-Sec Auto Tracking  
  55  13:13  SCV  
  56  13:23  Spinning Dizzy  
  56  13:26  SCV  
  56  13:29  Perdition Turret  
  57  13:31  Supply Depot  
  57  13:37  Devastation Turret  
  57  13:40  SCV  
  58  13:53  SCV  
  59  14:07  SCV  
  60  14:10  Spinning Dizzy  
  60  14:12  Devastation Turret  
  60  14:13  Perdition Turret  
  60  14:19  Spinning Dizzy  
  60  14:20  SCV  
  60  14:22  SCV  
  62  14:32  Factory  
  62  14:33  Perdition Turret  
  62  14:34  330mm Barrage Cannon  
  62  14:36  SCV  
  63  14:40  Perdition Turret  
  63  14:43  Devastation Turret  
  63  14:49  SCV, Terran Vehicle and Ship Weapons Level 1  
  64  15:01  SCV  
  64  15:03  SCV  
  66  15:15  SCV  
  67  15:24  Factory Tech Reactor  
  67  15:27  Factory  
  67  15:29  SCV  
  68  15:42  SCV  
  69  15:56  SCV  
  69  15:59  Factory Tech Reactor  
  70  16:11  Starport  
  70  16:19  Thor x4  
  94  17:06  Thor  
  100  17:16  Starport Tech Reactor  
  100  17:18  Perdition Turret  
  100  17:19  Spinning Dizzy  
  100  17:21  Spinning Dizzy, Supply Depot  
  100  17:22  Devastation Turret  
  100  17:26  Supply Depot x2  
  100  17:29  Terran Vehicle And Ship Armor Level 2  
  100  17:41  Devastation Turret  
  100  17:45  Perdition Turret  
  100  17:50  Perdition Turret x2  
  100  17:51  Thor  
  100  17:52  Supply Depot  
  100  17:53  Perdition Turret  
  100  17:56  Thor  
  112  18:01  Supply Depot  
  112  18:03  Supply Depot  
  112  18:06  Devastation Turret  
  112  18:10  Spinning Dizzy  
  112  18:19  SCV  
  113  18:23  Spinning Dizzy, Devastation Turret  
  113  18:31  Perdition Turret  
  113  18:33  SCV  
  114  18:44  Supply Depot  
  114  18:45  Perdition Turret, Devastation Turret  
  114  18:46  SCV  
  114  18:47  Supply Depot, Devastation Turret  
  114  18:48  Supply Depot  
  115  18:50  Pulse Amplifier  
  115  19:00  SCV  
  116  19:13  SCV  
  116  19:17  Perdition Turret  
  116  19:18  Supply Depot  
  117  19:49  Perdition Turret  
  117  19:50  Improved Nano-Repair  
  117  20:02  Science Vessel  
  117  20:03  Science Vessel  
  117  20:05  Perdition Turret  
  109  20:37  Perdition Turret  
  109  20:39  Terran Vehicle and Ship Weapons Level 2  
  109  20:50  Science Vessel  
  109  20:51  Science Vessel  
  109  20:53  Perdition Turret  
  113  21:09  Perdition Turret  
  113  21:17  Thor x5  
  113  21:18  Thor  
  149  21:27  Perdition Turret  
  149  21:38  Science Vessel x2  
  153  21:43  Perdition Turret  
  153  21:56  Perdition Turret  
  152  22:02  Perdition Turret  
  152  22:25  SCV  
  153  22:37  Perdition Turret x2  
  153  22:38  SCV  
  152  22:52  SCV  
  151  23:06  SCV  
  151  23:09  Devastation Turret  
  152  23:14  Perdition Turret  
  152  23:19  SCV  
  153  23:38  Perdition Turret  
  153  24:08  Perdition Turret  
  151  27:30  Thor  
  151  27:31  Thor x4  
  181  28:10  Supply Depot  
  181  28:12  Supply Depot  
Show
View Real Time Build Order
Export as new Build Order

Sage Zerg 

Build Orders:  

Get SALT Encoding   

  12  0:05  Drone  
  13  0:20  Overlord  
  13  0:28  Drone  
  14  0:33  Extractor  
  14  0:35  Drone  
  15  0:47  Drone x2  
  17  1:06  Spawning Pool  
  17  1:09  Drone  
  17  1:21  Drone  
  18  1:34  Overlord  
  18  1:39  Queen  
  20  1:48  Drone  
  21  1:52  Extractor  
  20  2:04  Drone  
  21  2:22  Drone  
  22  2:32  Drone  
  23  2:48  Drone  
  24  3:10  Drone  
  24  3:19  Drone x3  
  28  3:20  Drone x2  
  28  3:24  Extractor  
  29  3:30  Evolution Chamber  
  29  3:37  Overlord  
  28  3:56  Drone  
  29  4:11  Heroic Fortitude  
  29  4:18  Drone x4  
  29  4:19  Drone x2  
  35  4:35  Overlord  
  35  4:47  Lair  
  35  4:52  Drone  
  36  5:05  Drone  
  37  5:18  Drone  
  37  5:19  Drone x4  
  42  5:27  Hatchery  
  41  5:38  Overlord  
  41  5:49  Drone  
  42  6:29  Chain Reaction  
  42  6:30  Hive  
  42  6:40  Extractor, Queen  
  42  6:42  Drone x5  
  42  6:43  Drone x2  
  42  6:44  Extractor  
  42  6:48  Overlord  
  49  6:59  Drone x2  
  51  7:18  Hydralisk Den  
  51  7:19  Drone  
  51  7:42  Drone x3  
  51  7:43  Drone  
  51  7:45  Overlord x2  
  51  7:46  Overlord  
  55  7:50  Queen  
  57  8:02  Nydus Network  
  57  8:03  Drone  
  57  8:13  Ultralisk Cavern  
  57  8:15  Drone  
  57  8:32  Ability Efficiency  
  57  8:35  Frenzy  
  57  9:14  Overlord  
  57  9:15  Overlord  
  61  9:25  Hydralisk x2  
  61  9:26  Hydralisk x5  
  71  9:31  Overseer  
  71  9:32  Overseer  
  71  9:43  Drone  
  71  9:47  Evolution Chamber  
  71  10:00  Unknown  
  71  10:26  Hydralisk x5  
  71  10:27  Hydralisk x3  
  107  12:11  Hydralisk x3  
  107  12:12  Hydralisk x7  
  107  12:43  Nydus Network  
  107  12:45  Drone  
  107  13:31  Overseer  
  107  13:32  Overseer  
  107  13:34  Overlord  
  107  13:35  Overlord  
  107  13:36  Overlord x4  
  107  13:37  Overlord x3  
  107  13:39  Chitinous Plating  
  107  13:45  Zerg Ground Armor Level 1  
  107  13:47  Zerg Melee Weapons Level 1  
  107  13:50  Ancillary Carapace  
  107  14:39  Burrow Charge  
  123  15:24  Hydralisk  
  123  15:25  Hydralisk x7  
  123  15:26  Hydralisk x12  
  147  15:39  Tissue Assimilation  
  141  16:10  Muscular Augments  
  141  16:36  Overlord x2  
  141  16:37  Overlord x5  
  141  16:38  Overlord x3  
  141  16:50  Zerg Ground Armor Level 2  
  141  16:58  Zerg Melee Weapons Level 2  
  141  17:04  Ultralisk x3  
  141  17:05  Ultralisk  
  165  17:24  Omega Worm  
  165  17:49  Omega Worm  
  165  18:36  Ultralisk  
  165  18:37  Ultralisk x3  
  179  19:29  Omega Worm  
  179  19:41  Omega Worm  
  177  20:50  Omega Worm  
  177  20:52  Omega Worm  
  159  21:51  Omega Worm  
  155  22:32  Omega Worm  
  155  24:08  Omega Worm  
  155  24:29  Ultralisk  
  161  24:30  Ultralisk x6  
  197  24:47  Omega Worm  
  197  25:09  Omega Worm  
  195  26:06  Omega Worm  
  195  26:15  Omega Worm  
  179  27:54  Omega Worm  
Tags
 
Commander
KerriganSwann
Matchup
Co-op
Replay Pack
Multiplayer
Add a new tag
Caveats
  • Supply blocks, unpowered buildings, or Contaminate may cause inaccurate times.
  • Supply counts are checked every 10 seconds.